AoeStats
← -(-0-0-)-+(,_o)+$(*^_^*)$

African Clearing

506103656Analyzed
2v2 RM · 20d ago on Sep 12, 2026· 75m 23s· 4 players
Game mode
Random Map
Map size
Medium (4 player)
Population
200
Speed
Normal
Resources
Standard
Victory
Conquest
Starting age
Dark Age
Ending age
Imperial Age
RankedLock teamsTeams togetherTeam positionsShared explorationLock speedFull tech treeHidden civsTurbo modeCheats
Victory
Defeat
🇹🇼 Teutons · Taiwan
884
+13
867
+14
🇫🇷 Vietnamese · France
888
-16
🇫🇷 Byzantines · France
756
-11
Novelwater
17:43 Feudal Age
18:14 Double-Bit Axe
18:56 Double-Bit Axe
25:25 Castle Age
28:46 Bow Saw
32:04 Gold Mining
43:58 Crossbowman
44:44 Thumb Ring
47:21 Light Cavalry
52:06 Scale Mail Armor
52:11 Scale Barding Armor
52:07 Padded Archer Armor
60:47 Coinage
63:19 Leather Archer Armor
63:21 Chain Mail Armor
63:27 Chain Barding Armor
66:32 Imperial Age
66:01 Forging
69:56 Elite Fire Lancer
74:04 Plate Mail Armor
LeVieuxMachin
4:57 Loom
14:50 Feudal Age
19:28 Castle Age
18:08 Double-Bit Axe
27:08 Bow Saw
32:05 Imperial Age
32:44 Pikeman
34:16 Halberdier
42:15 Scale Mail Armor
42:26 Forging
43:24 Two-Man Saw
44:17 Scale Barding Armor
48:20 Horse Collar
49:07 Chain Mail Armor
49:13 Chain Barding Armor
52:11 Plate Mail Armor
52:17 Iron Casting
52:49 Logistica
54:08 Squires
53:29 Man-at-Arms
54:33 Conscription
54:24 Heavy Plow
55:03 Plate Barding Armor
61:48 Padded Archer Armor
66:34 Elite Cataphract
72:43 Fortified Wall
72:54 Ballistics
72:30 Murder Holes
森永
12:49 Loom
14:37 Feudal Age
15:30 Man-at-Arms
15:56 Arson
19:31 Scale Mail Armor
21:06 Forging
21:10 Double-Bit Axe
27:46 Castle Age
27:17 Horse Collar
27:31 Stone Mining
28:55 Long Swordsman
29:36 Squires
33:41 Ironclad
41:27 Wheelbarrow
43:13 Hand Cart
44:33 Elite Skirmisher
44:36 Pikeman
45:05 Gambesons
47:33 Fletching
49:41 Padded Archer Armor
51:14 Bodkin Arrow
51:35 Leather Archer Armor
51:26 Town Watch
53:51 Chain Mail Armor
54:37 Bow Saw
58:06 Iron Casting
68:02 Imperial Age
-(-0-0-)-+(,_o)+$(*^_^*)$
5:57 Loom
21:00 Feudal Age
21:58 Arson
22:09 Horse Collar
24:40 Scale Mail Armor
25:09 Forging
24:38 Man-at-Arms
29:22 Castle Age
27:52 Gold Mining
27:57 Double-Bit Axe
28:30 Stone Mining
35:04 Gold Shaft Mining
34:39 Fletching
36:30 Chain Mail Armor
39:37 Iron Casting
39:38 Squires
39:54 Treadmill Crane
41:01 Ballistics
45:35 Town Watch
46:26 Wheelbarrow
45:53 Murder Holes
46:20 Town Patrol
50:02 Imperial Age
47:59 Pikeman
48:36 Bodkin Arrow
49:00 Hand Cart
51:47 Blast Furnace
51:18 Conscription
52:03 Plate Mail Armor
51:56 Conscription
51:29 Elite Samurai
56:39 Chemistry
64:25 Kataparuto
Connection lost

Rejoining the realm…

Still unreachable

The connection could not be restored.

Session expired

The server has moved on; the page needs a fresh start.